 Dungeon Sprint DCSS version 0.29.1-4-g47bece8355 (webtiles) character file.

Game seed: 17398554249430484441

3131 boopmooplesden the Bludgeoner (level 9, -11/97 HPs)
             Began as a Minotaur Berserker on Dec 11, 2022.
             Was a High Priest of Trog.
             Mangled by a boulder beetle (20 damage)
             ... in the Dungeon (Sprint IX: "|||||||||||||||||||||||||||||").
             The game lasted 00:01:19 (492 turns).

boopmooplesden the Bludgeoner (Minotaur Berserker)   Turns: 492, Time: 00:01:19

Health: -11/97     AC: 15    Str: 26    XL:     9   Next: 61%
Magic:  8/8        EV: 12    Int:  7    God:    Trog [*****.]
Gold:   0          SH:  0    Dex: 10    Spells: 8/8 levels left

rFire   . . .      SeeInvis .   k - +2 dire flail (vorpal)
rCold   . . .      Faith    .   (shield currently unavailable)
rNeg    . . .      Spirit   .   m - +0 plate armour
rPois   .          Reflect  .   (helmet restricted)
rElec   .          Harm     .   (no cloak)
rCorr   .          Rampage  .   l - +0 pair of gloves
Will    .....      NoTele   +   (no boots)
Stlth   ..........              (no amulet)
HPRegen 0.26/turn               o - +3 ring of intelligence
MPRegen 0.11/turn               n - +2 ring of evasion

@: on berserk cooldown, slowed, very slow
A: horns 2, retaliatory headbutt
a: Renounce Religion, Berserk, Trog's Hand, Brothers in Arms


You were in the Dungeon.
You worshipped Trog.
Trog was extremely pleased with you.
You visited 1 branch

Inventory:

Hand Weapons
 a - a +0 mace
 k - a +2 vorpal dire flail (weapon)
Armour
 b - a +0 animal skin
 l - a +0 pair of gloves (worn)
 m - a +0 plate armour (worn)
Jewellery
 n - a +2 ring of evasion (right hand)
 o - a +3 ring of intelligence (left hand)
Wands
 j - a wand of quicksilver (10)
Scrolls
 h - a scroll of blinking
Potions
 c - 5 potions of curing
 d - 3 potions of heal wounds
 e - a potion of haste
 f - 4 potions of magic
 g - a potion of berserk rage
 i - a potion of invisibility


   Skills:
 + Level 15.4 Fighting
 + Level 17.9 Maces & Flails
 + Level 9.1 Armour
 + Level 9.0 Dodging


You had 8 spell levels left.
You didn't know any spells.
Your spell library was empty.

Dungeon Overview and Level Annotations

Branches:
Dungeon (1/1)

Altars:
Cheibriados
Dithmenos
Elyvilon
Fedhas
Gozag
Hepliaklqana
Kikubaaqudgha
Makhleb
Nemelex Xobeh
Okawaru
Qazlal
Ru
Sif Muna
Trog
Uskayaw
Vehumet
Wu Jian
Xom
Yredelemnul
Zin
The Shining One
Jiyva
Lugonu


Innate Abilities, Weirdness & Mutations

You have a pair of horns on your head.
You reflexively headbutt those who attack you in melee.


Message History

Things that are here:
a +0 longbow; a +1 vorpal flail You feel a strong urge to attack something.
You are no longer berserk.
You are exhausted.
You feel yourself slow down.
The boulder beetle curls into a ball and begins rolling!
Things that are here:
a +0 longbow; a +1 vorpal flail
Things that are here:
a +4 great mace of flaming; 3 large rocks The boulder beetle hits you but does no damage.
The boulder beetle stops rolling and uncurls.
There is an open door here.
You hit the boulder beetle but do no damage.
The boulder beetle is heavily wounded.
The boulder beetle bites you!!
* * * LOW HITPOINT WARNING * * *
Blink to where?
Press: ? - help, Dir - move target
As you read the scroll of blinking, it crumbles to dust.
The boulder beetle curls into a ball and begins rolling!
Your ogre goes berserk!
Your ogre hits the boulder beetle with a +0 giant club!
The boulder beetle hits your ogre!!!
Your ogre dies!
Your ogre's corpse disappears in a puff of smoke!
The boulder beetle stops rolling and uncurls.
You hit the boulder beetle.
The boulder beetle is severely wounded.
The boulder beetle barely misses you. You furiously retaliate!
You headbutt the boulder beetle, but do no damage.
You puncture the boulder beetle!
You headbutt the boulder beetle, but do no damage.
The boulder beetle is almost dead.
You hit the boulder beetle but do no damage.
You headbutt the boulder beetle, but do no damage.
The boulder beetle is almost dead.
The boulder beetle bites you!!
You die...

▓.▓
▓.▓
▓.▓
▓'▓
▓)▓
▓)▓
▓.▓
▓B▓
▓@▓
▓.▓
▓+▓


You could see a boulder beetle.

Vanquished Creatures
  A two-headed ogre (D)
  A centaur warrior (D)
  A manticore (D)
  A cyclops (D)
  A gargoyle (D)
  A hornet (D)
  A slime creature (D)
  A shadow (D)
  A yak (D)
  A centaur (D)
  A phantom (D)
  A killer bee (D)
  An iguana (D)
  A gnoll (D)
  An orc (D)
  A ball python (D)
  A bat (D)
  2 quokkas (D)
  A kobold (D)
  A rat (D)
21 creatures vanquished.

Notes
Turn   | Place    | Note
-------+----------+-------------------------------------------
     0 | D        | boopmooplesden the Minotaur Berserker began the quest for
                  | the Orb.
     0 | D        | Reached XP level 1. HP: 19/19 MP: 0/0
     9 | D        | Reached skill level 4 in Maces & Flails
    10 | D        | Reached ** piety under Trog
    78 | D        | Noticed a phantom
    78 | D        | Noticed an iguana
    80 | D        | Killed a phantom
    81 | D        | Reached skill level 7 in Maces & Flails
    81 | D        | Reached XP level 2. HP: 31/31 MP: 1/1
    81 | D        | Reached XP level 3. HP: 38/38 MP: 2/2
    81 | D        | Reached XP level 4. HP: 45/45 MP: 3/3
    83 | D        | Reached *** piety under Trog
    87 | D        | Reached skill level 8 in Maces & Flails
   228 | D        | Found a snail-covered altar of Cheibriados.
   228 | D        | Found a shadowy altar of Dithmenos.
   228 | D        | Found a white marble altar of Elyvilon.
   228 | D        | Found a blossoming altar of Fedhas.
   228 | D        | Found an opulent altar of Gozag.
   229 | D        | Found a hazy altar of Hepliaklqana.
   230 | D        | Found a viscous altar of Jiyva.
   231 | D        | Found an ancient bone altar of Kikubaaqudgha.
   232 | D        | Found a corrupted altar of Lugonu.
   233 | D        | Found a burning altar of Makhleb.
   234 | D        | Found a sparkling altar of Nemelex Xobeh.
   235 | D        | Found an iron altar of Okawaru.
   236 | D        | Found a stormy altar of Qazlal.
   237 | D        | Found a sacrificial altar of Ru.
   238 | D        | Found a shimmering blue altar of Sif Muna.
   239 | D        | Found a bloodstained altar of Trog.
   240 | D        | Found a hide-covered altar of Uskayaw.
   241 | D        | Found a radiant altar of Vehumet.
   242 | D        | Found an ornate altar of the Wu Jian Council.
   243 | D        | Found a shimmering altar of Xom.
   244 | D        | Found a basalt altar of Yredelemnul.
   245 | D        | Found a glowing silver altar of Zin.
   246 | D        | Found a glowing golden altar of the Shining One.
   291 | D        | Noticed a centaur
   291 | D        | Noticed a shadow
   291 | D        | Noticed a hornet
   291 | D        | Noticed a yak
   291 | D        | Noticed a two-headed ogre
   295 | D        | Killed a centaur
   296 | D        | Reached skill level 9 in Maces & Flails
   296 | D        | Reached skill level 5 in Dodging
   296 | D        | Reached XP level 5. HP: 56/56 MP: 4/4
   299 | D        | Killed a shadow
   299 | D        | Reached **** piety under Trog
   300 | D        | Reached skill level 10 in Fighting
   300 | D        | Reached skill level 11 in Maces & Flails
   300 | D        | Reached skill level 5 in Armour
   300 | D        | Reached XP level 6. HP: 59/66 MP: 5/5
   301 | D        | Killed a hornet
   302 | D        | Reached skill level 12 in Maces & Flails
   302 | D        | Reached XP level 7. HP: 62/74 MP: 6/6
   305 | D        | Killed a yak
   306 | D        | Reached skill level 13 in Maces & Flails
   308 | D        | Killed a two-headed ogre
   308 | D        | Reached ***** piety under Trog
   309 | D        | Reached skill level 15 in Maces & Flails
   309 | D        | Reached XP level 8. HP: 74/86 MP: 7/7
   452 | D        | Noticed a boulder beetle
   452 | D        | Noticed a cyclops
   452 | D        | Noticed a manticore
   452 | D        | Noticed a gargoyle
   452 | D        | Noticed a centaur warrior
   452 | D        | Noticed a slime creature
   462 | D        | Killed a cyclops
   468 | D        | Killed a manticore
   469 | D        | Reached skill level 16 in Maces & Flails
   469 | D        | Reached XP level 9. HP: 47/95 MP: 8/8
   471 | D        | Killed a gargoyle
   472 | D        | Reached skill level 17 in Maces & Flails
   478 | D        | Killed a centaur warrior
   478 | D        | Received a gift from Trog
   479 | D        | Reached skill level 15 in Fighting
   492 | D        | Mangled by a boulder beetle

Illustrated notes

Levels and vault maps discovered:
D:        linesprint [early_d, line_temple, items_1, d_10, items_2, lair_1,
          lair_end, items_3, orc_1, orc_end, items_4, d_15, swamp_1, shoals_1,
          snake_1, spider_1, d_20, vaults_1, items_5, swamp_end, shoals_end,
          snake_end, spider_end, vaults_end, d_27, items_6, zot_1, zot_end,
          crypt_end, forest_end, elf_end, slime_end, tomb_end, abyss_end,
          pan_hell_end]

Skill      XL: |  1  2  3  4  5  6  7  8  9 |
---------------+----------------------------+-----
Fighting       | 6 8 10 11 13 14 15 | 15.4
Maces & Flails | 7 9 11 12 15 16 17 | 17.9
Armour         | 3 4 5 6 7 9 |  9.1
Dodging        | 3 5 6 7 8 9 |  9.0

Action                   |  1- 3 |  4- 6 |  7- 9 || total
-------------------------+-------+-------+-------++-------
Melee: Mace              |     9 |     8 |       ||    17
       Headbutt          |     3 |     7 |     8 ||    18
       Dire flail        |       |     7 |    35 ||    42
Invok: Berserk           |     1 |     1 |     1 ||     3
       Brothers in Arms  |       |       |     1 ||     1
  Use: Scroll            |       |       |     1 ||     1
Armor: Animal skin       |     1 |       |       ||     1
       Plate armour      |       |     3 |     9 ||    12
Dodge: Dodged            |     6 |     6 |     5 ||    17
